[Event "Titled Tuesday Blitz May 2 Early 2023"]
[White "Budrewicz, Krzysztof"]
[Black "Durarbayli, Vasif"]
[WhiteFideId "1127950"]
[BlackFideId "13402935"]
[WhiteElo "2230"]
[BlackElo "2551"]
[Result "0-1"]
[Round "02"]
[TimeControl "180+2"]
[Date "2023.05.02"]
[WhiteClock "0:00:00"]
[BlackClock "0:00:00"]

1. d4 Nf6 2. c4 e6 3. Nc3 Bb4 4. e3 O-O 5. Bd2 d6 6. Bd3 e5 7. Nge2 Nc6 8. d5 Ne7 9. e4 Ng6 10. Qc2 a5 11. O-O-O Ng4 12. Rdf1 Bc5 13. Be1 f5 14. exf5 Bxf5 15. Bxf5 Qg5+ 16. Kb1 Qxf5 17. h3 Qxc2+ 18. Kxc2 Nxf2 19. Bxf2 Bxf2 20. Ne4 Bb6 21. g3 Ne7 22. Kd3 Nf5 23. Rf3 Nd4 24. Nxd4 Bxd4 25. Rhf1 Rxf3+ 26. Rxf3 Bxb2 27. Ng5 c6 28. Ke4 a4 29. Ne6 h6 30. dxc6 bxc6 31. Rd3 d5+ 32. cxd5 cxd5+ 33. Rxd5 Ra7 34. Rd8+ Kf7 35. Nc5 a3 36. Rd7+ Rxd7 37. Nxd7 Ke6 38. Nc5+ Kd6 39. Nd3 Bd4 40. g4 g6 41. Nb4 Kc5 42. Nc2 Bb2 43. Ne3 Bd4 44. Nc2 Bb2 45. Ne3 Bc1 46. Nd5 Bf4 47. h4 Kc4 48. Ne7 g5 49. h5 Kc3 50. Nf5 Kb2 51. Nxh6 Kxa2 52. Nf5 Kb3 53. h6 a2 54. h7 a1=Q 55. h8=Q Qb1+ 56. Kd5 Qd3+ 57. Ke6 e4 58. Qc8 Qc4+ 59. Qxc4+ Kxc4 0-1


[Site "https://www.chess.com"]

[Event "Titled Tuesday Blitz May 2 Early 2023"]
[White "Al-Tarboush, Ward"]
[Black "Galchenko, Matvey"]
[WhiteFideId "7601450"]
[BlackFideId "24175480"]
[WhiteElo "2265"]
[BlackElo "2423"]
[Result "0-1"]
[Round "02"]
[TimeControl "180+2"]
[Date "2023.05.02"]
[WhiteClock "0:00:00"]
[BlackClock "0:00:00"]

1. d4 Nf6 2. Nc3 c5 3. d5 d6 4. e4 g6 5. Nf3 Bg7 6. Be2 O-O 7. O-O e6 8. dxe6 Bxe6 9. Bg5 h6 10. Bh4 Nc6 11. Qd2 Qb6 12. Qxd6 Rad8 13. Qf4 g5 14. Nxg5 hxg5 15. Bxg5 Nh7 16. Bxd8 Rxd8 17. Rad1 Nd4 18. Bg4 Qxb2 19. Nd5 Bxd5 20. exd5 Nf6 21. c4 Nxg4 22. Qxg4 Qxa2 23. Qg5 f6 24. Qg6 Qxc4 25. Rd3 Qxd5 26. Rh3 Qf5 27. Qxf5 Nxf5 28. Rh5 Rd5 29. Re1 Ne7 30. Rh4 Nc6 31. Rf4 b5 32. h4 Ne5 33. Ra1 Rd7 34. g4 c4 35. g5 fxg5 36. hxg5 Nf3+ 37. Rxf3 Bxa1 38. Ra3 Bd4 0-1


[Site "https://www.chess.com"]

[Event "Titled Tuesday Blitz May 2 Early 2023"]
[White "Mekhitarian, Krikor Sevag"]
[Black "Tasev, Dejan"]
[WhiteFideId "2107660"]
[BlackFideId "936618"]
[WhiteElo "2604"]
[BlackElo "2244"]
[Result "0-1"]
[Round "02"]
[TimeControl "180+2"]
[Date "2023.05.02"]
[WhiteClock "0:00:04"]
[BlackClock "0:00:20"]

1. Nf3 Nf6 2. c4 g6 3. Nc3 Bg7 4. e4 d6 5. d4 O-O 6. h3 c5 7. d5 b5 8. cxb5 a6 9. a4 axb5 10. Bxb5 Ba6 11. Rb1 Nbd7 12. O-O Ne8 13. Re1 Nc7 14. Bxa6 Rxa6 15. Bd2 Rb6 16. b3 Qb8 17. Qc2 Ne5 18. Nxe5 Bxe5 19. Nd1 Qb7 20. Ne3 Bd4 21. Nc4 Ra6 22. Bc3 Bxc3 23. Qxc3 Rb8 24. Qf3 f6 25. Qd3 Ra7 26. Re3 Rxa4 27. f4 Ra2 28. Rd1 Rf8 29. Rf3 Nb5 30. e5 Nd4 31. exd6 exd6 32. Rf2 Rxf2 33. Kxf2 Qxd5 34. Ne3 Qe6 35. Qc4 Qxc4 36. bxc4 Rb8 37. Ra1 Rb2+ 38. Kf1 Rb7 39. Ra6 Rd7 40. Nd5 Kg7 41. Kf2 f5 42. Ke3 h6 43. Kd3 g5 44. fxg5 hxg5 45. Ra8 Nc6 46. Ra1 Ne5+ 47. Kc3 f4 48. h4 gxh4 49. Nxf4 Kf6 50. Rd1 Kf5 51. Nd5 Rg7 52. Ne3+ Ke6 53. Rh1 Rg3 54. Kd2 Ng4 55. Nxg4 Rxg4 56. Kd3 Rg3+ 57. Kd2 Rg4 58. Kd3 Ke5 59. Re1+ Kf5 60. Rh1 Kg5 61. Ke3 Rxc4 62. Rd1 Rd4 63. Rf1 Rg4 64. Rf8 d5 65. Kf3 Ra4 66. Rg8+ Kf5 67. Rf8+ Ke5 68. Rh8 Ra3+ 69. Kg4 d4 70. Rh5+ Kd6 71. Kf4 Re3 72. Rxh4 Re6 73. Rh8 Kd5 74. Kf5 Re2 75. Rd8+ Kc4 76. g4 d3 77. g5 Kc3 78. g6 Rg2 79. Rd7 d2 80. g7 Kc2 81. Kf6 c4 82. Kf7 c3 83. Rd6 Rxg7+ 84. Kxg7 d1=Q 85. Rg6 Qd4+ 86. Kg8 Kb3 87. Kh7 Qd3 88. Kg8 Qxg6+ 89. Kh8 Qc6 90. Kg7 Qb7+ 0-1


[Site "https://www.chess.com"]

[Event "Titled Tuesday Blitz May 2 Early 2023"]
[White "Rustemov, Alexander"]
[Black "Munkhgal, Gombosuren"]
[WhiteFideId "4119002"]
[BlackFideId "4901266"]
[WhiteElo "2525"]
[BlackElo "2528"]
[Result "1/2-1/2"]
[Round "02"]
[TimeControl "180+2"]
[Date "2023.05.02"]
[WhiteClock "0:00:00"]
[BlackClock "0:00:00"]

1. d4 Nf6 2. c4 g6 3. Nf3 Bg7 4. g3 d6 5. Bg2 O-O 6. Nc3 Nc6 7. O-O e5 8. d5 Nb8 9. e4 a5 10. Rb1 Na6 11. b3 Nc5 12. Ne1 Ne8 13. a3 f5 14. b4 axb4 15. axb4 Nxe4 16. Nxe4 fxe4 17. Bxe4 Nf6 18. Bg2 Bf5 19. Rb3 Ra2 20. Rb2 Ra1 21. Nc2 Bxc2 22. Qxc2 Qa8 23. h3 Qa4 24. Qxa4 Rxa4 25. Be3 Rfa8 26. c5 e4 27. Rb3 Ra3 28. Rfb1 Rxb3 29. Rxb3 Ra1+ 30. Kh2 Kf7 31. Bd4 Ng4+ 32. hxg4 Bxd4 33. Bxe4 Ra2 34. Kh3 Bxf2 35. cxd6 cxd6 36. g5 Bd4 37. Rd3 Be5 38. Rb3 Kg7 39. Kg4 h5+ 40. gxh6+ Kxh6 41. b5 Rb2 42. Rxb2 Bxb2 1/2-1/2


[Site "https://www.chess.com"]

[Event "Titled Tuesday Blitz May 2 Early 2023"]
[White "Leenhouts, Koen"]
[Black "Atabayev, Saparmyrat"]
[WhiteFideId "1008439"]
[BlackFideId "14000571"]
[WhiteElo "2409"]
[BlackElo "2448"]
[Result "0-1"]
[Round "02"]
[TimeControl "180+2"]
[Date "2023.05.02"]
[WhiteClock "0:00:40"]
[BlackClock "0:02:37"]

1. d4 d5 2. c4 e6 3. Nf3 Nf6 4. g3 Be7 5. Bg2 dxc4 6. O-O O-O 7. Qc2 a6 8. a4 Bd7 9. Qxc4 Bc6 10. Bg5 Bd5 11. Qc2 Be4 12. Qc1 h6 13. Bxf6 Bxf6 14. Nc3 Bh7 15. Rd1 c6 16. e3 a5 17. Bf1 Na6 18. Bd3 Bxd3 19. Rxd3 Nb4 20. Rd2 Qb6 21. Ne4 Be7 22. Ne5 Rfd8 23. Qc4 Nd5 24. Rc1 Qb4 25. Nd3 Qxc4 26. Rxc4 Nb6 27. b3 Nxc4 28. bxc4 b5 29. cxb5 cxb5 30. axb5 Rdb8 31. Nc3 Bb4 32. Rc2 Rc8 33. Nc5 Bxc5 34. dxc5 Rxc5 35. b6 Rb8 0-1


[Site "https://www.chess.com"]

[Event "Titled Tuesday Blitz May 2 Early 2023"]
[White "Quesada Perez, Yuniesky"]
[Black "Pham, Le Thao Nguyen"]
[WhiteFideId "3504409"]
[BlackFideId "12401226"]
[WhiteElo "2585"]
[BlackElo "2286"]
[Result "1-0"]
[Round "02"]
[TimeControl "180+2"]
[Date "2023.05.02"]
[WhiteClock "0:00:17"]
[BlackClock "0:00:03"]

1. e4 c6 2. d4 d5 3. e5 Bf5 4. Nd2 e6 5. Nb3 Nd7 6. Nf3 h6 7. Be2 Ne7 8. O-O Nc8 9. Bd2 Be7 10. a4 O-O 11. a5 a6 12. Rc1 Na7 13. c4 Rc8 14. c5 Nb5 15. Bf4 g5 16. Bg3 h5 17. h3 h4 18. Bh2 Kg7 19. Bd3 Bg6 20. Re1 Rh8 21. Bxg6 fxg6 22. Nfd2 Qf8 23. Nf1 Qf7 24. Ne3 Rcf8 25. Rf1 Bd8 26. Qg4 Qe7 27. f4 gxf4 28. Bxf4 Rh5 29. Rf3 Rf7 30. Rcf1 Rff5 31. R3f2 Nf8 32. Bh2 Qf7 33. Nxf5+ exf5 34. e6 Nxe6 35. Be5+ Bf6 36. Qe2 Rg5 37. Qe3 Bxe5 38. Qxe5+ Qf6 39. Qb8 Qf7 40. Re1 Rg3 41. Qe5+ Kh7 42. Qxe6 Qxe6 43. Rxe6 Rxb3 44. Re7+ Kh6 45. Rxb7 Nxd4 46. Rxb3 Nxb3 47. Re2 Nxa5 48. b4 Nc4 49. Ra2 d4 50. Kf2 d3 51. Rxa6 f4 52. Rxc6 Ne3 53. Rd6 Nc2 54. c6 Nxb4 55. c7 1-0


[Site "https://www.chess.com"]

[Event "Titled Tuesday Blitz May 2 Early 2023"]
[White "Danielyan, Vahe"]
[Black "Talibov, Shiroghlan"]
[WhiteFideId "13304828"]
[BlackFideId "13429078"]
[WhiteElo "2423"]
[BlackElo "2224"]
[Result "1-0"]
[Round "02"]
[TimeControl "180+2"]
[Date "2023.05.02"]
[WhiteClock "0:00:00"]
[BlackClock "0:00:00"]

1. d4 g6 2. c4 Bg7 3. Nc3 c5 4. d5 d6 5. e4 Nf6 6. Bd3 O-O 7. Nf3 Na6 8. O-O e5 9. a3 Nh5 10. Ne1 Nf4 11. Bc2 f5 12. Nd3 Nxd3 13. Qxd3 f4 14. f3 g5 15. Bd2 h5 16. Be1 g4 17. Ne2 Qg5 18. Kh1 Rf6 19. g3 gxf3 20. Rxf3 Bg4 21. gxf4 Bxf3+ 22. Qxf3 exf4 23. Bc3 Qg4 24. Qxg4 hxg4 25. Bxf6 Bxf6 26. Rb1 Be5 27. b4 Kh7 28. Rf1 Rf8 29. b5 Nb8 30. Ng3 Nd7 31. Nf5 a6 32. a4 axb5 33. cxb5 b6 34. Rg1 Nf6 35. Rb1 Ra8 36. Ne7 Kh6 37. Nc6 Nd7 38. a5 Kg5 39. a6 c4 40. a7 Rh8 41. Rd1 g3 42. Rd2 f3 43. Bd1 g2+ 44. Rxg2+ fxg2+ 45. Kg1 Rxh2 46. a8=Q Rh1+ 47. Kf2 Rxd1 48. Qg8+ Kf4 49. Qg3+ Kxe4 50. Qf3# 1-0


[Site "https://www.chess.com"]

[Event "Titled Tuesday Blitz May 2 Early 2023"]
[White "Dilanyan, Grigor"]
[Black "Hayrapetyan, Hovik"]
[WhiteFideId "13303570"]
[BlackFideId "13302639"]
[WhiteElo "2229"]
[BlackElo "2348"]
[Result "1-0"]
[Round "02"]
[TimeControl "180+2"]
[Date "2023.05.02"]
[WhiteClock "0:00:03"]
[BlackClock "0:01:00"]

1. d4 Nf6 2. Nf3 d5 3. c4 e6 4. g3 Be7 5. Bg2 O-O 6. O-O dxc4 7. Qc2 a6 8. a4 Bd7 9. Qxc4 Bc6 10. Bf4 Bd6 11. Bg5 Nbd7 12. Nc3 h6 13. Bf4 Bxf4 14. gxf4 a5 15. Ne5 Bxg2 16. Kxg2 c6 17. e3 Nd5 18. Ne4 N7f6 19. Nc5 Qe7 20. Kh1 Rfc8 21. Rg1 b6 22. Ncd3 Nb4 23. Rg2 Nxd3 24. Qxd3 Kh8 25. Rag1 Rg8 26. Nxc6 Qb7 27. Ne5 Rac8 28. f3 Rc7 29. Qd2 Re7 30. Qf2 Nd7 31. Ng4 Ree8 32. e4 Nf8 33. Nxh6 Ng6 34. Nxg8 Kxg8 35. f5 exf5 36. exf5 Nf4 37. Rxg7+ Kf8 38. R7g4 Re2 39. Qg3 Nd3 40. Qd6+ 1-0


[Site "https://www.chess.com"]

[Event "Titled Tuesday Blitz May 2 Early 2023"]
[White "Loiacono, Antonio"]
[Black "Ohanyan, Emin"]
[WhiteFideId "895415"]
[BlackFideId "13312022"]
[WhiteElo "2257"]
[BlackElo "2402"]
[Result "0-1"]
[Round "02"]
[TimeControl "180+2"]
[Date "2023.05.02"]
[WhiteClock "0:00:00"]
[BlackClock "0:00:00"]

1. e4 e5 2. Nf3 Nc6 3. Nc3 Nf6 4. Bb5 Nd4 5. Bc4 Nxf3+ 6. Qxf3 Bc5 7. d3 d6 8. Bg5 c6 9. h3 h6 10. Bxf6 Qxf6 11. Qxf6 gxf6 12. a3 f5 13. f3 f4 14. Na4 Bd4 15. Bb3 Rg8 16. Kf1 b5 17. Nc3 a5 18. Nd1 Ke7 19. c3 Bb6 20. a4 b4 21. Bc4 Be6 22. Bxe6 fxe6 23. cxb4 axb4 24. b3 Bd4 25. Ra2 c5 26. Nb2 d5 27. Rh2 h5 28. Nd1 Kd6 29. Rc2 Rg7 30. Nb2 Rag8 31. Nd1 Ra7 32. Nb2 h4 33. Rh1 Rag7 34. Rh2 Kc6 35. Rh1 Kb6 36. Rh2 Rd8 37. Nd1 Rdg8 38. Rh1 Rg6 39. Rh2 Rg5 40. Nb2 R5g7 41. Nd1 Rh8 42. Rh1 Rd8 43. Rh2 dxe4 44. fxe4 Rgd7 45. Ke2 Rg7 46. Kf1 Rdg8 47. Nb2 Bxb2 48. Rxb2 Rg3 49. Rd2 Rd8 50. Ke2 Re3+ 51. Kf2 Rdxd3 52. Rxd3 Rxd3 53. Rh1 Rxb3 54. Rd1 c4 55. Rd6+ Kc5 56. Rxe6 Kd4 57. Rc6 Rb2+ 58. Kf3 Rb3+ 59. Kg4 c3 60. a5 Kxe4 61. a6 Ra3 62. Kxh4 Kd5 63. Rb6 c2 0-1


[Site "https://www.chess.com"]

[Event "Titled Tuesday Blitz May 2 Early 2023"]
[White "Shohat, Yotam"]
[Black "Suyarov, Mukhammadzokhid"]
[WhiteFideId "2813955"]
[BlackFideId "14210495"]
[WhiteElo "2226"]
[BlackElo "2361"]
[Result "0-1"]
[Round "02"]
[TimeControl "180+2"]
[Date "2023.05.02"]
[WhiteClock "0:00:00"]
[BlackClock "0:00:00"]

1. e4 e6 2. d4 d5 3. Nc3 Nf6 4. e5 Nfd7 5. f4 c5 6. Nf3 Nc6 7. Be3 Qb6 8. Na4 Qa5+ 9. c3 b6 10. a3 c4 11. b4 cxb3 12. Qxb3 Ba6 13. Nb2 Rc8 14. Kf2 Bxf1 15. Rhxf1 Qa6 16. a4 Na5 17. Qb5 Qb7 18. Rac1 Ba3 19. Kg1 Qc6 20. Qe2 Bxb2 21. Qxb2 Qxa4 22. f5 exf5 23. Ng5 g6 24. e6 fxe6 25. Bf4 O-O 26. Qe2 Qc6 27. Rfe1 Rfe8 28. Qe3 Nc4 29. Qh3 Nf6 30. Be5 Nxe5 31. Rxe5 Re7 32. Rce1 Qxc3 33. Qxc3 Rxc3 34. Rxe6 Rxe6 35. Rxe6 Rc1+ 36. Kf2 Ne4+ 37. Nxe4 dxe4 38. Re7 Rd1 39. Ke3 Rd3+ 40. Kf4 Rxd4 41. Ke5 Rd8 42. Kf6 Ra8 43. Rg7+ Kh8 44. Rb7 a5 0-1


[Site "https://www.chess.com"]

[Event "Titled Tuesday Blitz May 2 Early 2023"]
[White "Mikhailovsky, Vladimir"]
[Black "Demin, Vladimir"]
[WhiteFideId "34105414"]
[BlackFideId "4167457"]
[WhiteElo "2275"]
[BlackElo "2430"]
[Result "1/2-1/2"]
[Round "02"]
[TimeControl "180+2"]
[Date "2023.05.02"]
[WhiteClock "0:00:00"]
[BlackClock "0:00:00"]

1. d4 d5 2. c4 e6 3. Nc3 c5 4. cxd5 cxd4 5. Qa4+ Bd7 6. Qxd4 exd5 7. Qxd5 Nf6 8. Qd1 Bc5 9. Nf3 O-O 10. e3 Qe7 11. Be2 Rd8 12. Qc2 Nc6 13. a3 Rac8 14. O-O Bg4 15. h3 Bh5 16. Nh4 Bxe2 17. Qxe2 Qe5 18. Nf3 Qh5 19. Bd2 Bd6 20. Rfd1 Re8 21. Be1 Bb8 22. Rac1 Rcd8 23. Rxd8 Rxd8 24. Rd1 Rxd1 25. Qxd1 g5 26. Nd5 Ne4 27. Qd3 f5 28. Qxe4 fxe4 29. Nf6+ Kf7 30. Nxh5 exf3 31. gxf3 Ne5 32. Kg2 Ng6 33. Bc3 Nh4+ 34. Kf1 Nxf3 35. Nf6 Kg6 36. Ne4 h5 37. Nc5 b6 38. Ne6 h4 39. Nd4 Ne5 40. Kg2 a6 41. a4 Nc4 42. Nc6 Bc7 43. Kf3 Kf5 44. b3 Nd6 45. Nb4 a5 46. Nd5 Bd8 47. Bd4 Nc8 48. e4+ Ke6 49. Kg4 Kd6 50. f3 Ke6 51. Be3 Nd6 52. Bxg5 Bxg5 53. Kxg5 b5 54. axb5 Nxb5 55. Nb6 Nd4 56. Kxh4 Nxf3+ 57. Kg4 Nd4 58. Nc4 Nxb3 59. Nxa5 Nxa5 60. Kg5 Kf7 61. h4 Nc6 62. h5 Kg7 63. Kf5 Kh6 64. Ke6 Nd4+ 65. Kd6 Nf3 66. e5 Nxe5 67. Kxe5 Kxh5 1/2-1/2


[Site "https://www.chess.com"]

[Event "Titled Tuesday Blitz May 2 Early 2023"]
[White "Siva Mahadevan"]
[Black "Sousa, Andre Ventura"]
[WhiteFideId "25043153"]
[BlackFideId "1917617"]
[WhiteElo "2249"]
[BlackElo "2348"]
[Result "1-0"]
[Round "02"]
[TimeControl "180+2"]
[Date "2023.05.02"]
[WhiteClock "0:00:24"]
[BlackClock "0:00:15"]

1. e4 e5 2. Nf3 Nc6 3. Bb5 Nf6 4. O-O Nxe4 5. Re1 Nd6 6. Nxe5 Be7 7. Bf1 Nxe5 8. Rxe5 O-O 9. d4 Bf6 10. Bd3 Bxe5 11. dxe5 Ne8 12. Nc3 d6 13. Qh5 f5 14. Bg5 g6 15. Qh4 Qd7 16. e6 Qg7 17. e7 Rf7 18. Bc4 c6 19. Bxf7+ Qxf7 20. Re1 Bd7 21. Qd4 d5 22. Qe5 Qg7 23. Qf4 Rc8 24. h4 d4 25. Nb1 Nc7 26. Qd6 Be8 27. Bf6 Qf7 28. Bxd4 Nb5 29. Qe5 Nxd4 30. Qxd4 Rc7 31. Qe5 Rd7 32. Nc3 h6 33. a4 Kh7 34. a5 b6 35. a6 Rd2 36. Qb8 Rd7 37. Qd8 f4 38. Ne4 f3 39. Qxe8 Qxe8 40. Nf6+ Kg7 41. Nxe8+ Kf7 42. Nd6+ 1-0


[Site "https://www.chess.com"]

[Event "Titled Tuesday Blitz May 2 Early 2023"]
[White "Jovic, Stanoje"]
[Black "Acor, Corey"]
[WhiteFideId "905020"]
[BlackFideId "2024861"]
[WhiteElo "2236"]
[BlackElo "2341"]
[Result "1-0"]
[Round "02"]
[TimeControl "180+2"]
[Date "2023.05.02"]
[WhiteClock "0:00:00"]
[BlackClock "0:00:00"]

1. c4 e5 2. g3 Nc6 3. Bg2 g6 4. Nc3 Bg7 5. Nf3 d6 6. O-O Be6 7. d3 h6 8. Rb1 f5 9. Bd2 Nf6 10. b4 O-O 11. b5 Ne7 12. Ne1 d5 13. cxd5 Nexd5 14. Nxd5 Bxd5 15. Bxd5+ Nxd5 16. Qb3 Kh7 17. Nc2 Qd7 18. Ne3 Nf6 19. Bb4 Rfe8 20. a4 c6 21. bxc6 Qxc6 22. Rfc1 Qd7 23. a5 f4 24. Nc4 Qh3 25. Nd2 fxg3 26. hxg3 Ng4 27. Nf3 e4 28. dxe4 Rxe4 29. Rc7 Rxe2 30. Rxg7+ Kxg7 31. Bc3+ Kf8 32. Qxb7 Rxf2 33. Qg7+ Ke8 34. Re1+ Kd8 35. Bf6+ Kc8 36. Re8# 1-0


[Site "https://www.chess.com"]

[Event "Titled Tuesday Blitz May 2 Early 2023"]
[White "Mortazavi, Ali"]
[Black "Sethuraman, S.P."]
[WhiteFideId "401323"]
[BlackFideId "5021596"]
[WhiteElo "2339"]
[BlackElo "2543"]
[Result "0-1"]
[Round "02"]
[TimeControl "180+2"]
[Date "2023.05.02"]
[WhiteClock "0:00:16"]
[BlackClock "0:00:16"]

1. Nf3 g6 2. g3 Bg7 3. Bg2 e5 4. O-O d5 5. d3 Ne7 6. Nbd2 O-O 7. e4 Nbc6 8. a4 d4 9. a5 a6 10. h3 h6 11. Ne1 Be6 12. f4 exf4 13. gxf4 f5 14. e5 Nd5 15. Nc4 Qd7 16. Nf3 Kh7 17. Kh1 Rad8 18. Bd2 Rfe8 19. Rg1 Nde7 20. Qe1 Bd5 21. Qh4 Kg8 22. Qg3 Qe6 23. b3 Na7 24. Nxd4 Bxg2+ 25. Qxg2 Rxd4 26. Be3 Nac6 27. Bxd4 Nxd4 28. Qxb7 c6 29. Nd6 Rf8 30. c4 g5 31. Rg2 Ng6 32. fxg5 hxg5 33. Qa7 Nf3 34. d4 f4 35. Rg4 Ngxe5 36. dxe5 Nxe5 37. Rxg5 Qxh3+ 38. Kg1 Nf3+ 39. Kf2 Nxg5 40. Rg1 Qf3+ 41. Ke1 Qc3+ 42. Kf2 Bd4+ 43. Kf1 Qc1+ 44. Ke2 Qe3+ 45. Kd1 Qxg1+ 46. Kd2 Bxa7 0-1


[Site "https://www.chess.com"]

[Event "Titled Tuesday Blitz May 2 Early 2023"]
[White "Kravtsiv, Martyn"]
[Black "Richter, Paul"]
[WhiteFideId "14113147"]
[BlackFideId "2046350"]
[WhiteElo "2695"]
[BlackElo "2171"]
[Result "1-0"]
[Round "02"]
[TimeControl "180+2"]
[Date "2023.05.02"]
[WhiteClock "0:01:38"]
[BlackClock "0:00:08"]

1. e4 c5 2. Nf3 d6 3. Bb5+ Nc6 4. O-O Bd7 5. Re1 Nf6 6. c3 a6 7. Bf1 Bg4 8. h3 Bxf3 9. Qxf3 g6 10. d3 Bg7 11. Be3 Nd7 12. Nd2 b5 13. Qd1 b4 14. Qc2 O-O 15. Nf3 Nde5 16. Nxe5 Bxe5 17. Rad1 Qb6 18. Qd2 Bg7 19. d4 Rfd8 20. d5 bxc3 21. bxc3 Na7 22. Rb1 Qa5 23. Rb3 Rab8 24. Reb1 Rxb3 25. Rxb3 Nb5 26. c4 Qxd2 27. Bxd2 Nd4 28. Rb7 Kf8 29. Bd3 Ra8 30. Kf1 h5 31. Ke1 Bf6 32. Kd1 e6 33. Bf4 e5 34. Bd2 Bd8 35. Bc2 Nxc2 36. Kxc2 Ke8 37. Kb3 Be7 38. Ba5 1-0


[Site "https://www.chess.com"]

[Event "Titled Tuesday Blitz May 2 Early 2023"]
[White "Xu, Yi"]
[Black "Rodchenkov, Sergey D."]
[WhiteFideId "8605564"]
[BlackFideId "4168712"]
[WhiteElo "2471"]
[BlackElo "2277"]
[Result "1-0"]
[Round "02"]
[TimeControl "180+2"]
[Date "2023.05.02"]
[WhiteClock "0:01:11"]
[BlackClock "0:00:03"]

1. e4 c5 2. Nf3 d6 3. c3 Nf6 4. h3 g6 5. Be2 Bg7 6. O-O O-O 7. d3 Nc6 8. Re1 e5 9. Bf1 h6 10. a4 Kh7 11. Na3 Nh5 12. Nc2 Be6 13. d4 cxd4 14. cxd4 Bb3 15. Ra3 Bxc2 16. Qxc2 exd4 17. Bc4 Rc8 18. Qe2 Ne5 19. Bd5 d3 20. Qe3 Rc2 21. Nxe5 dxe5 22. Qxd3 Rc7 23. g3 Qf6 24. Kg2 Rfc8 25. Rc3 Rxc3 26. bxc3 Bf8 27. Bxb7 Rb8 28. Bd5 Bc5 29. Be3 Bxe3 30. Qxe3 Rb2 31. Qxa7 Kg7 32. Qe3 Qa6 33. c4 Qxa4 34. Qc3 Qa2 35. Qxe5+ Kh7 36. Rf1 Qa3 37. Bxf7 Qb3 38. Bxg6+ Kxg6 39. Qf5+ Kg7 40. Qxh5 Qxc4 41. Qe5+ Kg6 42. Qxb2 1-0


[Site "https://www.chess.com"]

[Event "Titled Tuesday Blitz May 2 Early 2023"]
[White "Mekhane, Adam"]
[Black "Goltsev, Dmitry"]
[WhiteFideId "36050601"]
[BlackFideId "24176710"]
[WhiteElo "2177"]
[BlackElo "2336"]
[Result "0-1"]
[Round "02"]
[TimeControl "180+2"]
[Date "2023.05.02"]
[WhiteClock "0:00:01"]
[BlackClock "0:00:01"]

1. e4 e6 2. d4 d5 3. Nd2 c5 4. Ngf3 Nf6 5. e5 Ne4 6. c3 Nc6 7. Bd3 cxd4 8. cxd4 Nxd2 9. Bxd2 Qb6 10. O-O Nxd4 11. Nxd4 Qxd4 12. Bb5+ Bd7 13. Qb3 Qb6 14. Be3 Qxb5 15. Qxb5 Bxb5 16. Rfc1 Kd7 17. a4 Bc6 18. a5 a6 19. Bb6 Rc8 20. Rc3 Be7 21. Rg3 g6 22. Rf3 Rhf8 23. h4 f6 24. h5 fxe5 25. Rxf8 Rxf8 26. hxg6 hxg6 0-1


[Site "https://www.chess.com"]

[Event "Titled Tuesday Blitz May 2 Early 2023"]
[White "Ingebretsen, Jens E"]
[Black "Ilamparthi A R"]
[WhiteFideId "1522965"]
[BlackFideId "45015775"]
[WhiteElo "2213"]
[BlackElo "2348"]
[Result "1-0"]
[Round "02"]
[TimeControl "180+2"]
[Date "2023.05.02"]
[WhiteClock "0:00:13"]
[BlackClock "0:00:15"]

1. c4 e5 2. Nc3 Nf6 3. g3 h5 4. h3 h4 5. g4 Nc6 6. Bg2 Bc5 7. e3 d6 8. Nge2 Bb6 9. d4 exd4 10. exd4 O-O 11. Bg5 Re8 12. O-O Ne7 13. Bxh4 Ng6 14. Bg5 c6 15. Ne4 d5 16. cxd5 cxd5 17. Bxf6 gxf6 18. N4g3 f5 19. gxf5 Nh4 20. Nf4 Nxf5 21. Ngh5 Nh4 22. Re1 Rxe1+ 23. Qxe1 Bxd4 24. Rd1 Nf5 25. Nxd5 Be6 26. Ndf6+ Kh8 27. Qe4 Qb6 28. Qf4 Qxb2 29. Ng3 Bxf6 30. Nxf5 Bxf5 31. Qxf5 Rg8 32. Kh1 Qe5 33. Qxe5 Bxe5 34. Rd7 f6 35. Rxb7 Rd8 36. Be4 Rd2 37. Kg2 Bd4 38. Rb8+ Kg7 39. Rb7+ Kh6 40. Rh7+ Kg5 41. Rg7+ Kf4 42. Rg4+ Ke5 43. Bb7 Rxf2+ 44. Kg3 f5 45. Rg8 Rxa2 46. Re8+ Kf6 47. Rf8+ Kg6 48. Rg8+ Kf7 49. Bd5+ Kf6 50. Bxa2 Be5+ 51. Kf3 a5 52. Ra8 Bc3 53. Bb1 Kg6 54. Bd3 Kg5 55. Ra6 Bb4 56. Rb6 Bc3 57. Rb5 Bb4 58. Bxf5 Kh4 59. Bg4 1-0


[Site "https://www.chess.com"]

[Event "Titled Tuesday Blitz May 2 Early 2023"]
[White "Novik, Maxim"]
[Black "Bacallao Alonso, Yusnel"]
[WhiteFideId "4102924"]
[BlackFideId "3507416"]
[WhiteElo "2287"]
[BlackElo "2561"]
[Result "1-0"]
[Round "02"]
[TimeControl "180+2"]
[Date "2023.05.02"]
[WhiteClock "0:01:06"]
[BlackClock "0:00:05"]

1. d4 d5 2. c4 e6 3. Nc3 a6 4. cxd5 exd5 5. Bf4 Nf6 6. e3 c5 7. Nf3 c4 8. h3 b5 9. g4 Bb7 10. Bg2 Nbd7 11. Ne5 Nb6 12. g5 Nfd7 13. h4 Be7 14. Qg4 Nxe5 15. dxe5 Bc8 16. Qg3 Be6 17. Rd1 O-O 18. a3 Qc7 19. h5 Rad8 20. g6 h6 21. gxf7+ Kh8 22. Ne2 Rxf7 23. Nd4 Qd7 24. Qg6 Bf5 25. Qxf7 1-0


[Site "https://www.chess.com"]

[Event "Titled Tuesday Blitz May 2 Early 2023"]
[White "Karttunen, Mika"]
[Black "Gharibyan, Mamikon"]
[WhiteFideId "502081"]
[BlackFideId "13308300"]
[WhiteElo "2396"]
[BlackElo "2445"]
[Result "0-1"]
[Round "02"]
[TimeControl "180+2"]
[Date "2023.05.02"]
[WhiteClock "0:00:00"]
[BlackClock "0:00:00"]

1. d4 Nf6 2. c4 e6 3. Nc3 d5 4. Nf3 a6 5. cxd5 exd5 6. Bf4 Bd6 7. Bg3 O-O 8. e3 Bf5 9. Bd3 Bxd3 10. Qxd3 Re8 11. O-O Bxg3 12. hxg3 Qd6 13. Ne5 Nbd7 14. f4 Qe6 15. Rac1 c6 16. Na4 Rad8 17. Qb3 Rb8 18. Nc3 Qf5 19. Qd1 h5 20. Qc2 Qe6 21. Qe2 Nf8 22. Qf3 Qf5 23. Qe2 Ng4 24. Nxg4 hxg4 25. Kf2 Re6 26. Qc2 Qf6 27. Rh1 Rbe8 28. Rce1 g6 29. Rh4 Qf5 30. Qxf5 gxf5 31. Rh5 Rf6 32. Reh1 Kg7 33. Rg5+ Ng6 34. Rhh5 Rfe6 35. Nd1 f6 36. Rxf5 Ne7 37. Rh4 Nxf5 38. Rxg4+ Kf7 0-1


[Site "https://www.chess.com"]

[Event "Titled Tuesday Blitz May 2 Early 2023"]
[White "Kovalenko, Igor"]
[Black "Kubicka, Anna"]
[WhiteFideId "14117908"]
[BlackFideId "1152254"]
[WhiteElo "2574"]
[BlackElo "2144"]
[Result "1-0"]
[Round "02"]
[TimeControl "180+2"]
[Date "2023.05.02"]
[WhiteClock "0:00:53"]
[BlackClock "0:00:03"]

1. e4 c5 2. Nf3 d6 3. Nc3 Nf6 4. d4 cxd4 5. Nxd4 a6 6. Be2 e5 7. Nb3 Be7 8. O-O O-O 9. Be3 Be6 10. a4 Nbd7 11. Qd3 Qc7 12. a5 Rac8 13. Rfd1 Rfd8 14. h3 h6 15. Bf3 Qc6 16. Nd2 Nc5 17. Qe2 d5 18. exd5 Nxd5 19. Nxd5 Bxd5 20. Bxd5 Rxd5 21. Nf3 Rcd8 22. Rxd5 Qxd5 23. Bxc5 Bxc5 24. Re1 Bb4 25. c3 Bxa5 26. Qxe5 Qxe5 27. Rxe5 Bc7 28. Re1 Kf8 29. Kf1 Re8 30. Ra1 Re6 31. Ra4 Rb6 32. Ra2 Bd8 33. Ke2 Bf6 34. Nd2 Re6+ 35. Kf1 Rd6 36. Ne4 Re6 37. f3 Be7 38. g4 g6 39. Ra5 Rb6 40. b4 Rc6 41. Rd5 Bf6 42. Rd3 Be7 43. Ke2 Ke8 44. Rd5 Bf6 45. Kd3 Be7 46. f4 Re6 47. f5 Rc6 48. Kd4 gxf5 49. gxf5 Bf8 50. Kd3 Bg7 51. c4 Rb6 52. b5 axb5 53. cxb5 h5 54. Kc4 Bb2 55. Nd6+ Ke7 56. Nc8+ 1-0


[Site "https://www.chess.com"]

[Event "Titled Tuesday Blitz May 2 Early 2023"]
[White "Kosakowski, Jakub"]
[Black "Hajiyev, Kanan"]
[WhiteFideId "1185080"]
[BlackFideId "13404148"]
[WhiteElo "2488"]
[BlackElo "2103"]
[Result "1/2-1/2"]
[Round "02"]
[TimeControl "180+2"]
[Date "2023.05.02"]
[WhiteClock "0:00:00"]
[BlackClock "0:00:00"]

1. e4 c6 2. Nf3 d5 3. Nc3 a6 4. h3 dxe4 5. Nxe4 Nf6 6. Qe2 Nxe4 7. Qxe4 Qd5 8. Qf4 Bf5 9. Bc4 Qe4+ 10. Qxe4 Bxe4 11. Bxf7+ Kxf7 12. Ng5+ Kg6 13. Nxe4 Nd7 14. d4 e5 15. dxe5 Nxe5 16. Be3 Nc4 17. Bd4 Re8 18. f3 Nd6 19. O-O-O Nxe4 20. fxe4 Rxe4 21. Bc3 Bc5 22. Rd7 Re7 23. Rhd1 Rhe8 24. b4 Be3+ 25. Kb2 Bf4 26. Kb3 h5 27. a4 h4 28. R1d4 Bg5 29. R7d6+ Re6 30. Rd7 R8e7 31. a5 Rxd7 32. Rxd7 Re7 33. Rd6+ Kf5 34. Rd8 Re3 35. Rd3 Rxd3 36. cxd3 Kf4 37. Bd2+ Kf5 38. Bc3 Kf4 39. Bd2+ Kf5 40. Bc3 1/2-1/2


[Site "https://www.chess.com"]